Map: 2000 Atmospheres LE

Players

MCannix

  • Race: Zerg Zerg
  • League: Grandmaster

daboss - Winner!

  • Race: Terran Terran
  • League: Master

VOD

Have the link to the VOD?

Description

Time

  • Played on: April 14, 2021, 3:07 a.m.
  • Length: 20:11
Show
View Real Time Build Order
Export as new Build Order

MCannix Zerg 

Build Orders: Hatch First 

Get SALT Encoding   

  12  0:00  Drone  
  13  0:12  Overlord  
  13  0:16  Drone  
  14  0:31  Drone x2  
  16  0:48  Hatchery  
  15  0:51  Drone  
  15  0:56  Drone, Extractor  
  16  1:00  Drone  
  17  1:14  Spawning Pool  
  17  1:18  Drone  
  17  1:24  Drone  
  18  1:29  Drone  
  19  1:39  Drone  
  20  1:49  Overlord  
  20  2:01  Queen x2  
  24  2:09  Metabolic Boost  
  24  2:12  Zergling x2  
  24  2:13  Zergling x2  
  24  2:14  Drone  
  27  2:16  Drone  
  28  2:23  Drone x2  
  30  2:33  Drone x2  
  31  2:50  Drone x2  
  33  2:54  Queen  
  35  2:59  Overlord  
  35  3:05  Overlord  
  35  3:07  Hatchery  
  34  3:14  Drone  
  34  3:19  Drone x4  
  40  3:20  Drone  
  40  3:22  Queen  
  42  3:27  Drone  
  42  3:28  Drone  
  44  3:37  Drone  
  45  3:47  Baneling Nest  
  43  3:49  Queen  
  43  3:51  Drone x7  
  52  3:58  Overlord  
  52  4:03  Overlord  
  52  4:16  Zergling x16, Extractor  
  59  4:22  Zergling x2  
  60  4:29  Queen  
  63  4:31  Drone x4  
  63  4:35  Baneling x5  
  66  4:42  Drone x3  
  70  4:52  Zergling x2  
  70  4:53  Zergling x8  
  70  4:59  Overlord  
  74  5:06  Evolution Chamber  
  72  5:08  Evolution Chamber  
  68  5:14  Drone  
  68  5:15  Drone x5  
  73  5:24  Drone x4  
  73  5:25  Lair  
  73  5:27  Drone, Spore Crawler  
  73  5:28  Drone x2, Queen  
  79  5:31  Spore Crawler  
  79  5:35  Zerg Ground Armor Level 1  
  80  5:45  Drone x4  
  80  5:46  Hatchery  
  80  5:48  Drone  
  79  5:52  Zerg Melee Weapons Level 1  
  79  5:53  Drone  
  80  5:58  Extractor  
  80  6:00  Extractor  
  78  6:05  Drone x3  
  78  6:06  Overlord x2  
  80  6:16  Overlord x2  
  80  6:18  Extractor  
  79  6:22  Extractor  
  78  6:29  Centrifical Hooks  
  78  6:31  Hydralisk Den  
  77  6:33  Drone x3, Hatchery  
  77  6:34  Drone x14  
  77  6:39  Baneling  
  93  6:40  Baneling x2  
  93  6:50  Overlord  
  93  6:51  Overlord  
  93  6:53  Queen  
  95  7:03  Muscular Augments  
  95  7:05  Hydralisk x2, Zergling x4  
  95  7:06  Zergling x8  
  95  7:08  Spine Crawler  
  104  7:10  Extractor  
  104  7:11  Queen  
  104  7:12  Extractor  
  104  7:13  Overlord x2  
  104  7:27  Hydralisk, Baneling x6  
  104  7:28  Baneling, Zergling x16  
  104  7:29  Zergling x6  
  117  7:38  Drone x3  
  117  7:43  Baneling x3  
  117  7:44  Hydralisk, Baneling x5  
  120  7:45  Zergling x6  
  120  7:50  Zergling x4  
  127  7:54  Baneling x2  
  127  7:55  Baneling x3  
  127  7:58  Zergling x2  
  127  7:59  Zergling x10  
  127  8:05  Hydralisk  
  114  8:06  Zergling x16  
  114  8:12  Zergling x2  
  118  8:14  Zergling x2, Grooved Spines  
  118  8:17  Baneling x6  
  117  8:27  Zerg Melee Weapons Level 2  
  117  8:28  Zerg Ground Armor Level 2  
  117  8:30  Infestation Pit  
  116  8:35  Hydralisk  
  116  8:39  Hydralisk, Baneling x11  
  116  8:40  Hydralisk, Zergling x2  
  116  8:41  Zergling x24  
  128  8:48  Hydralisk  
  121  8:49  Zergling x2  
  120  8:57  Zergling x26  
  133  9:11  Baneling x10  
  133  9:15  Hatchery  
  132  9:21  Hydralisk  
  132  9:22  Zergling x2  
  132  9:24  Hydralisk, Zergling x2  
  132  9:25  Zergling x10  
  125  9:36  Hydralisk, Zergling x2  
  125  9:37  Zergling x24  
  131  9:38  Zergling x2  
  131  9:39  Zergling x4  
  131  9:42  Zergling x2  
  131  9:43  Hydralisk  
  131  9:44  Zergling x4  
  126  9:48  Hydralisk  
  126  9:49  Zergling x6  
  126  9:52  Overseer x2  
  128  9:56  Hive  
  128  10:11  Baneling x6  
  128  10:12  Baneling x9  
  128  10:19  Baneling x3  
  128  10:27  Hydralisk  
  131  10:28  Hydralisk x2, Zergling x10  
  131  10:29  Hydralisk, Zergling x6  
  131  10:30  Overlord x4  
  131  10:33  Hydralisk  
  131  10:34  Zergling x4  
  148  10:40  Zergling x12  
  126  10:49  Baneling  
  126  10:50  Baneling x13  
  126  10:56  Hydralisk  
  126  10:57  Hydralisk  
  124  11:03  Hydralisk  
  124  11:04  Zergling x10  
  122  11:05  Drone x5  
  117  11:13  Hydralisk  
  117  11:14  Zergling x2  
  117  11:15  Zerg Melee Weapons Level 3  
  120  11:23  Drone x7  
  122  11:34  Baneling x2  
  122  11:35  Baneling x5  
  122  11:45  Hydralisk  
  122  11:46  Zergling x8  
  122  11:47  Zergling x4  
  128  11:51  Hydralisk  
  128  11:52  Zergling x14  
  128  11:53  Zergling x4  
  133  12:00  Hydralisk  
  133  12:01  Zergling x6  
  137  12:02  Hydralisk, Zergling x2  
  137  12:03  Hydralisk  
  137  12:04  Zergling x2  
  137  12:05  Zergling x6  
  132  12:15  Baneling x9  
  130  12:16  Baneling x9  
  130  12:20  Hydralisk, Zergling x2  
  130  12:21  Zergling x2  
  128  12:25  Hydralisk  
  128  12:26  Zergling x2  
  125  12:36  Hydralisk  
  122  12:37  Zergling x2  
  125  12:44  Zerg Ground Armor Level 3  
  125  12:46  Hydralisk  
  125  12:47  Hydralisk x2, Zergling x2  
  125  12:49  Zergling x2  
  130  12:54  Zergling x8  
  130  12:57  Baneling x2  
  130  12:58  Zergling x22  
  135  13:09  Zergling x20  
  144  13:20  Hydralisk  
  144  13:21  Zergling x2  
  135  13:27  Zergling x2  
  135  13:28  Zergling x20  
  135  13:30  Zergling x2  
  135  13:32  Zergling x6  
  135  13:33  Zergling x2  
  145  13:35  Zergling x8  
  141  13:42  Ultralisk Cavern  
  141  13:43  Adrenal Glands  
  141  13:46  Drone x7  
  141  13:57  Baneling x7  
  141  13:58  Baneling x7  
  141  14:16  Spore Crawler  
  138  14:20  Drone x2  
  138  14:21  Drone x5  
  145  14:24  Hydralisk x2  
  145  14:25  Zergling x22  
  145  14:29  Baneling x5  
  145  14:30  Baneling x2  
  145  14:31  Baneling  
  140  14:46  Baneling x9  
  140  14:58  Drone  
  140  14:59  Drone x5  
  146  15:02  Zergling x2  
  146  15:03  Zergling x18  
  155  15:08  Baneling x7  
  155  15:09  Baneling x2  
  155  15:10  Baneling x5  
  155  15:11  Anabolic Synthesis  
  140  15:25  Zergling x2  
  140  15:26  Zergling x18  
  146  15:32  Hydralisk  
  146  15:33  Zergling x10  
  153  15:48  Ultralisk  
  152  15:55  Ultralisk  
  148  16:01  Hatchery  
  147  16:07  Zergling x22  
  147  16:08  Zergling x2  
  158  16:16  Zergling x14  
  162  16:20  Zergling x8  
  166  16:28  Ultralisk  
  144  16:41  Baneling x6  
  144  16:42  Baneling x2  
  144  16:58  Baneling x7  
  144  17:00  Ultralisk  
  150  17:10  Chitinous Plating, Hatchery  
  148  17:30  Ultralisk x3  
  148  17:32  Baneling x4  
  148  17:33  Baneling  
  166  17:38  Baneling x2  
  166  17:39  Baneling x2  
  166  17:47  Ultralisk  
  164  17:56  Zergling x20  
  172  18:02  Hatchery  
  172  18:05  Zergling x4  
  142  18:14  Zergling x2  
  142  18:15  Baneling  
  142  18:16  Baneling x3  
  142  18:17  Baneling x2  
  142  18:19  Baneling x6  
  116  18:20  Baneling  
  116  18:26  Ultralisk  
  108  18:31  Zergling x4  
  107  18:46  Zergling x8  
  104  18:55  Zergling x4  
  65  19:20  Baneling Nest  
  65  19:22  Zergling x6  
  67  19:32  Drone x2  
  68  19:48  Drone x4  
Show
View Real Time Build Order
Export as new Build Order

daboss Terran - Winner!

Build Orders: Reaper Expand 

Get SALT Encoding   

  12  0:00  SCV  
  13  0:12  SCV  
  14  0:20  Supply Depot  
  14  0:24  SCV  
  15  0:41  SCV  
  15  0:42  Barracks  
  16  0:53  SCV  
  16  0:54  Refinery  
  17  1:05  SCV  
  18  1:18  SCV  
  19  1:30  Orbital Command  
  19  1:38  Reaper  
  20  1:45  Command Center  
  20  1:55  SCV  
  21  2:03  Supply Depot  
  21  2:07  SCV  
  22  2:16  Factory  
  22  2:19  SCV  
  23  2:31  SCV  
  23  2:33  Barracks Reactor  
  24  2:44  SCV  
  25  2:55  Command Center  
  25  2:56  SCV  
  25  2:59  Orbital Command  
  25  3:07  Refinery  
  25  3:08  SCV  
  26  3:14  Hellion  
  26  3:15  Barracks Tech Lab, Hellion  
  30  3:20  SCV  
  30  3:26  SCV  
  32  3:32  SCV  
  33  3:38  SCV  
  33  3:42  Hellion x2  
  33  3:44  SCV  
  38  3:50  Starport, SCV  
  39  3:56  SCV  
  39  4:01  Supply Depot  
  39  4:02  Stimpack  
  40  4:03  Hellion, SCV  
  40  4:05  Marine  
  40  4:08  SCV  
  40  4:09  Orbital Command  
  45  4:15  SCV  
  46  4:18  Bunker  
  46  4:20  SCV  
  47  4:27  Hellion, SCV  
  47  4:28  Hellion  
  52  4:32  SCV  
  52  4:35  Barracks  
  53  4:39  SCV x2  
  53  4:40  Barracks  
  53  4:45  SCV  
  56  4:51  SCV x2  
  58  4:53  Engineering Bay  
  58  4:54  Engineering Bay  
  58  4:57  SCV  
  59  5:00  Marine  
  59  5:02  Supply Depot  
  59  5:03  SCV x2  
  60  5:09  SCV  
  55  5:15  SCV x2  
  55  5:16  Hellion x2  
  55  5:18  Marine  
  55  5:19  Starport Reactor  
  60  5:21  SCV  
  60  5:24  Barracks, Barracks Reactor  
  60  5:25  Barracks  
  60  5:27  Barracks Reactor, SCV  
  61  5:30  SCV  
  61  5:31  Terran Infantry Weapons Level 1  
  61  5:33  Terran Infantry Armor Level 1, Refinery, SCV  
  63  5:36  Marine  
  63  5:39  SCV  
  63  5:42  SCV  
  63  5:50  SCV  
  63  5:52  Hellion x2  
  63  5:54  Marine  
  63  5:56  SCV x2  
  70  6:02  SCV  
  71  6:09  SCV x2  
  72  6:12  Marine  
  72  6:14  Hellion x2  
  72  6:15  Barracks Tech Lab  
  72  6:16  Barracks Reactor  
  72  6:17  Combat Shield  
  77  6:21  Refinery  
  77  6:24  Marine x2, SCV x2, Supply Depot  
  77  6:25  Supply Depot  
  81  6:27  SCV  
  81  6:29  Marine  
  81  6:30  Armory  
  81  6:31  Marine x2  
  85  6:40  Supply Depot  
  85  6:42  Marine x2  
  85  6:43  Hellion, SCV x2  
  85  6:46  SCV  
  92  6:47  Marine  
  92  6:49  Marine x3  
  92  6:53  Medivac x2  
  100  6:54  Marine x2  
  100  6:55  SCV  
  100  7:00  Supply Depot, Marine x2  
  105  7:05  Marine  
  105  7:06  Marine  
  105  7:07  Marine x2  
  105  7:08  Concussive Shells  
  109  7:12  Marine x2  
  109  7:14  Command Center  
  111  7:16  Refinery x2  
  111  7:18  Marine x2  
  111  7:21  Widow Mine x2  
  117  7:23  Medivac  
  117  7:24  Marauder, Marine x2  
  117  7:27  Supply Depot  
  117  7:28  Marine, Supply Depot  
  124  7:36  Marine x2, Marauder  
  128  7:38  SCV x3  
  131  7:45  Marauder  
  131  7:48  Marine x4  
  131  7:50  Widow Mine x2, SCV  
  142  7:54  Marine  
  142  7:58  Supply Depot, Marauder  
  134  8:05  Marine  
  134  8:06  Marine x3, Marauder  
  134  8:11  Widow Mine x2  
  131  8:16  Marine  
  131  8:17  Marine  
  131  8:19  Marauder  
  133  8:23  Marine  
  133  8:24  Marine, SCV  
  136  8:28  Marauder  
  136  8:29  Marine x2, Barracks  
  136  8:32  Widow Mine  
  136  8:33  Widow Mine  
  144  8:34  Marine  
  144  8:35  SCV x2  
  144  8:36  Planetary Fortress  
  144  8:37  Medivac  
  144  8:39  Marine  
  144  8:41  Marauder  
  152  8:48  Medivac  
  150  8:49  Marine x3, Marauder  
  150  8:54  Widow Mine x2  
  157  8:59  SCV  
  157  9:02  Marauder  
  158  9:03  SCV x2  
  158  9:04  Factory  
  158  9:07  Marine, Medivac  
  158  9:08  Marine x3  
  166  9:11  SCV  
  166  9:15  Widow Mine, SCV, Hellbat  
  172  9:22  Supply Depot  
  172  9:23  Supply Depot, Medivac  
  167  9:28  Marine, Marauder  
  153  9:36  Medivac  
  153  9:38  Marine x4  
  144  9:39  Marauder  
  144  9:43  Marine x2  
  136  9:46  Marine  
  136  9:50  Marauder  
  135  9:53  Factory Tech Lab, Medivac  
  135  9:55  Widow Mine x2  
  135  9:56  Marine x4  
  145  10:00  Marauder, Marine  
  145  10:01  Marine  
  145  10:03  Marine  
  145  10:05  Refinery  
  145  10:06  Refinery, Medivac  
  152  10:11  Marauder  
  152  10:13  Marine  
  152  10:14  Marine x3  
  155  10:16  Widow Mine x2  
  155  10:18  Marine x2, Command Center  
  164  10:21  Marine, Marauder  
  164  10:23  Medivac  
  169  10:31  Marine x2  
  169  10:32  Marine x2  
  169  10:33  Marauder  
  175  10:36  Marine x2  
  175  10:39  Marine  
  170  10:43  Marauder  
  170  10:49  Marine x3  
  174  10:50  Marine  
  174  10:54  Marauder, Marine x2, Widow Mine, Siege Tank  
  183  10:57  Marine  
  184  11:04  Marauder  
  184  11:07  Marine x4  
  179  11:12  Marine x2  
  179  11:15  Marine, Marauder  
  184  11:25  Marine x3  
  183  11:26  Marauder, Marine, Siege Tank  
  183  11:27  Terran Infantry Armor Level 2, Terran Infantry Weapons Level 2  
  183  11:29  Marine  
  183  11:31  Widow Mine, SCV  
  187  11:33  Marine x2  
  187  11:36  Widow Mine  
  187  11:37  Marauder, Factory  
  193  11:42  Marine  
  193  11:43  Marine x2  
  191  11:47  Marauder  
  191  11:53  Widow Mine, Marine x2  
  187  11:58  Siege Tank, Marauder  
  185  12:02  Marine  
  167  12:08  Marauder  
  167  12:09  Marine x2  
  167  12:12  Marine x4  
  167  12:15  Widow Mine  
  174  12:19  Marine, Marauder  
  174  12:24  Widow Mine  
  174  12:27  Marine x2  
  177  12:30  Marine x2, Siege Tank, Marauder  
  177  12:33  Marine x2  
  173  12:37  Marine  
  173  12:39  Widow Mine  
  173  12:41  Marauder  
  173  12:42  Factory Tech Lab  
  178  12:44  Marine  
  178  12:45  Marine  
  178  12:47  Marine  
  176  12:51  Marauder  
  176  12:57  Marine x4  
  169  13:00  Medivac x2  
  169  13:02  Siege Tank, Marine x2, Marauder  
  182  13:13  Marauder, Marine  
  183  13:24  Marauder  
  164  13:29  Marine x2  
  164  13:30  Medivac x2  
  151  13:34  Marauder, Siege Tank  
  151  13:41  Marine x4  
  154  13:42  Marine  
  154  13:45  Marauder  
  154  13:46  Planetary Fortress  
  154  13:49  Marine  
  154  13:50  Marine, Siege Tank  
  154  13:51  Widow Mine x2  
  165  13:55  Marauder  
  165  13:59  Marine x4  
  165  14:00  Medivac  
  165  14:02  Barracks, Command Center  
  171  14:03  Barracks  
  171  14:04  Marine, Medivac  
  171  14:06  Marauder, Barracks, Siege Tank  
  171  14:07  Marine x2  
  181  14:12  Widow Mine  
  181  14:13  Widow Mine  
  181  14:16  Marine  
  181  14:17  Marine, Marauder  
  187  14:22  Refinery, SCV  
  187  14:23  Siege Tank, Refinery  
  193  14:28  Marauder  
  195  14:34  Widow Mine  
  195  14:36  Widow Mine  
  190  14:38  Marauder  
  190  14:39  Siege Tank  
  190  14:43  Marine  
  190  14:44  Marine x3  
  184  14:47  Marine x2  
  184  14:48  Marine  
  184  14:49  Marauder  
  184  14:50  Barracks Tech Lab  
  184  14:51  Barracks Tech Lab  
  185  14:55  Barracks Tech Lab, Siege Tank, Widow Mine  
  185  14:58  Widow Mine  
  185  14:59  Marauder  
  194  15:01  Marine x2  
  194  15:02  Marine x2  
  198  15:11  Marauder  
  200  15:17  Widow Mine  
  200  15:21  Marauder  
  167  15:25  Marine, Marauder  
  167  15:27  Siege Tank  
  167  15:28  Marine, Marauder  
  173  15:29  Siege Tank, Widow Mine, Marine  
  173  15:30  Marine x4, Marauder  
  173  15:32  Marauder  
  187  15:38  Widow Mine  
  187  15:42  Marauder, Planetary Fortress, Refinery, Marine  
  191  15:43  Refinery  
  191  15:45  Marine  
  191  15:47  Marauder, Marine x2  
  195  15:50  Marauder  
  195  15:52  Marauder  
  195  15:53  Marauder  
  195  15:55  Marine  
  195  15:56  Marine  
  186  15:58  Widow Mine  
  186  15:59  Siege Tank  
  186  16:00  Marine x2  
  186  16:01  Siege Tank  
  186  16:02  Medivac  
  186  16:04  Marauder  
  199  16:31  Siege Tank  
  179  16:33  Siege Tank  
  179  16:36  Marine x3  
  179  16:38  Marine x3  
  186  16:46  Missile Turret  
  186  16:49  Marine x5  
  186  16:50  Marauder  
  186  16:51  Terran Infantry Armor Level 3, Terran Infantry Weapons Level 3  
  193  17:00  Medivac  
  195  17:03  Siege Tank, SCV  
  195  17:06  Marine  
  200  17:28  Missile Turret  
  200  17:29  Missile Turret  
  200  17:30  Missile Turret, Command Center  
  198  18:05  Marine, Marauder  
  197  18:07  Liberator  
  191  18:18  Liberator  
  188  18:21  Siege Tank  
  188  18:24  Siege Tank  
  177  18:45  Marine  
  163  18:50  Liberator  
  163  18:54  Siege Tank  
  145  18:58  Marine x3, Marauder x2  
  145  18:59  Marauder  
  130  19:03  Siege Tank  
  130  19:04  Marine  
  130  19:05  Marauder  
  130  19:08  Medivac  
  128  19:10  Marine x3, Orbital Command  
  128  19:11  Marauder  
  128  19:13  SCV  
  128  19:16  Marine x3  
  137  19:20  Marauder x3  
  137  19:22  Marine  
  137  19:24  Widow Mine  
  146  19:26  Siege Tank, Marauder  
  146  19:28  Marine x3  
  154  19:32  Marauder  
  154  19:33  Marine, Medivac  
  154  19:34  Marine x2  
  154  19:35  Siege Tank  
  154  19:38  Medivac  
  166  19:40  Marine  
  166  19:41  Marine, Marauder x2  
  172  19:46  Marine x3  
  172  19:48  Marauder  
  172  19:50  Refinery, Missile Turret  
  172  19:51  Marine x2  
  179  19:53  Marine  
Tags
 
Add a new tag
Caveats
  • Supply blocks, unpowered buildings, or Contaminate may cause inaccurate times.
  • Supply counts are checked every 10 seconds.